 Dungeon Crawl Stone Soup version 0.27-a0-1555-g0e7b3fb (webtiles) character file.

Game seed: 16570671704101582905

1 Meow the Digger (level 1, 14/14 HPs)
             Began as a Ghoul Earth Elementalist on July 14, 2021.
             Quit the game on level 1 of the Dungeon.
             The game lasted 00:00:21 (139 turns).

Meow the Digger (Ghoul Earth Elementalist)           Turns: 139, Time: 00:00:22

Health: 14/14      AC:  2    Str: 11    XL:     1   Next: 20%
Magic:  2/2        EV: 12    Int: 10    God:
Gold:   10         SH:  0    Dex:  9    Spells: 2/3 levels left

rFire    . . .     SeeInvis .   (no weapon)
rCold    + . .     Faith    .   (no shield)
rNeg     + + +     Spirit   .   b - +0 robe
rPois    ∞         Reflect  .   (no helmet)
rElec    .         Harm     .   (no cloak)
rCorr    .         Rampage  .   (no gloves)
Will     .....                  (no boots)
Stlth    ++........             (no amulet)
HPRegen  0.04/turn              (no ring)
MPRegen  0.08/turn              (no ring)

@: no status effects
A: claws 1, cold resistance 1, negative energy resistance 3, inhibited
regeneration, torment resistance 2
a: no special abilities


You were on level 1 of the Dungeon.
You visited 1 branch of the dungeon, and saw 1 of its levels.

You collected 10 gold pieces.

Inventory:

Missiles
 c - 48 stones
Armour
 b - a +0 robe (worn)
Jewellery
 d - a ring of fire
Potions
 a - 2 potions of flight {unknown}


   Skills:
 - Level 1.7 Dodging
 - Level 2.1 Stealth
 + Level 1.8 Spellcasting
 - Level 0.8 Transmutations
 + Level 3.3 Earth Magic


You had 2 spell levels left.
You knew the following spells:

 Your Spells              Type           Power      Damage    Failure   Level
a - Sandblast             Erth           14%        2d6       9%          1

Your spell library contained the following spells:

 Spells                   Type           Power      Damage    Failure   Level
 Passwall                 Tmut/Erth      4%         N/A       21%         2
 Stone Arrow              Conj/Erth      8%         3d7       43%         3
 Petrify                  Tmut/Erth      5%         N/A       80%         4


Dungeon Overview and Level Annotations

Branches:
Dungeon (1/15)

Altars:


Innate Abilities, Weirdness & Mutations

You thrive by killing the living.
You are immune to poison.
You have sharp fingernails.
Your flesh is cold resistant. (rC+)
You are immune to negative energy. (rN+++)
You do not regenerate when monsters are visible.
You are immune to unholy pain and torment.


Message History

You add the spells Sandblast, Passwall, Stone Arrow and Petrify to your library.
Welcome, Meow the Ghoul Earth Elementalist.
Will you be the one to retrieve the awesome Orb of Zot from the depths?
Press ? for a list of commands and other information.
Found 18 stones and a robe.
Found a staircase leading out of the dungeon.
You enter the shallow water.
Moving in this stuff is going to be slow.
c - 48 stones (gained 18)
Found 2 viscous silvery potions.
Found 10 gold pieces.
a - 2 viscous silvery potions An endoplasm comes into view.
Found a marble ring.
The endoplasm quivers.
You scratch the endoplasm but do no damage.
The endoplasm freezes you.
You are frozen.
You resist.
You barely miss the endoplasm. The endoplasm closely misses you.
You scratch the endoplasm but do no damage.
The endoplasm freezes you.
You are frozen.
You resist.
You scratch the endoplasm.
The endoplasm is severely wounded.
The endoplasm misses you.
You scratch the endoplasm.
The endoplasm is almost dead.
The endoplasm hits you.
You barely miss the endoplasm.
The endoplasm is almost dead.
The endoplasm barely misses you.
You scratch the endoplasm.
You kill the endoplasm!
You feel better.
You start waiting.
Done waiting.
You now have 10 gold pieces.
Found a stone staircase leading down.
d - a ring of fire Are you sure you want to abandon this character and quit the game? (Confirm with "yes".)

#.######.####
##
#........####
#.###......#
#......#####
#.#...........
#.........##
###......##
#......#####
#........@>#
#####........#
###..........
#.....#....
#........##
#......#...
#.....## #.
#......


There were no monsters in sight!

Vanquished Creatures
  An endoplasm (D:1)
1 creature vanquished.

Notes
Turn   | Place    | Note
-------+----------+-------------------------------------------
     0 | D:1      | Meow the Ghoul Earth Elementalist began the quest for the
                  | Orb.
     0 | D:1      | Reached XP level 1. HP: 14/14 MP: 2/2
   139 | D:1      | Quit the game

Illustrated notes

Levels and vault maps discovered:
D:1:      ldierk_water_garden, layout_rooms

Action                   || total
-------------------------++-------
Melee: Unarmed           ||     7
Dodge: Dodged            ||     3

Table legend: (Time is in decaauts)
 A = Elapsed time spent in this place.
 B = Non-inter-level travel time spent in this place.
 C = Inter-level travel time spent in this place.
 D = Time resting spent in this place.
 E = Time spent auto-exploring this place.
 F = Levels seen in this place.
 G = Mean time per level.
                   A        B        C        D        E       F      G
               +--------+--------+--------+--------+--------+-----+--------+
         Total |    139 |    139 |      0 |    100 |     23 |   1 |  139.0 |
       Dungeon |    139 |    139 |      0 |    100 |     23 |   1 |  139.0 |
               +--------+--------+--------+--------+--------+-----+--------+

Top non-repeatable levels by time:
     D:1: 139 daAuts
